AoeStats
← Kanna Kamui

Arabia

510079403Analyzed
3v3 RM · 2d ago on Sep 29, 2026· 41m 37s· 6 players
Game mode
Random Map
Map size
Normal (6 player)
Population
200
Speed
Normal
Resources
Standard
Victory
Conquest
Starting age
Dark Age
Ending age
Imperial Age
RankedLock teamsTeams togetherTeam positionsShared explorationLock speedFull tech treeHidden civsTurbo modeCheats
Victory
Defeat
🇮🇹 Varangians · Italy
957
+9
🇮🇹 Saxons · Italy
929
+10
🇮🇹 Romans · Italy
684
+18
🇹🇷 Huns · Türkiye
783
-13
🇹🇼 Britons · Taiwan
774
-12
🇹🇼 Danes · Taiwan
768
-12
Kanna Kamui
0:28 Loom
10:39 Feudal Age
11:34 Double-Bit Axe
24:31 Castle Age
23:23 Forging
24:01 Gold Mining
25:38 Fletching
26:55 Bow Saw
27:42 Bodkin Arrow
28:50 Padded Archer Armor
Olala
5:32 Loom
9:52 Feudal Age
10:25 Double-Bit Axe
14:36 Horse Collar
20:45 Castle Age
19:56 Gold Mining
19:59 Stone Mining
20:10 Fletching
24:08 Scale Mail Armor
24:18 Forging
25:48 Wheelbarrow
25:31 Gambesons
26:50 Stone Shaft Mining
26:53 Gold Shaft Mining
26:19 Heavy Plow
26:31 Bow Saw
28:22 Fervor
29:54 Sanctity
31:03 Chain Mail Armor
31:24 Iron Casting
31:11 Hand Cart
30:45 Town Watch
31:55 Hamask
32:40 Squires
32:33 Arson
32:55 Bodkin Arrow
Passdespoir
11:50 Feudal Age
16:15 Castle Age
22:02 Husbandry
23:47 Bloodlines
23:29 Double-Bit Axe
27:43 Imperial Age
27:52 Gold Mining
GecTM
7:05 Loom
9:34 Feudal Age
10:07 Double-Bit Axe
11:08 Bloodlines
18:07 Forging
21:42 Castle Age
19:25 Horse Collar
19:38 Gold Mining
20:45 Scale Barding Armor
23:27 Stone Mining
24:48 Husbandry
25:56 Wheelbarrow
26:58 Devotion
27:12 Bow Saw
28:08 Iron Casting
31:18 Hand Cart
32:17 Chain Barding Armor
37:57 Town Watch
38:20 Vendel Legacy
40:18 Light Cavalry
42:24 Stone Shaft Mining
44:22 Imperial Age
volpe
10:13 Feudal Age
12:13 Wheelbarrow
12:31 Double-Bit Axe
12:29 Horse Collar
17:21 Castle Age
18:41 Bow Saw
25:11 Hand Cart
30:59 Imperial Age
32:54 Heavy Scorpion
35:44 Heavy Plow
38:00 Chemistry
37:21 Ballistics
37:11 Ballistas
Idle Villager
11:12 Feudal Age
11:56 Double-Bit Axe
19:05 Castle Age
21:28 Forging
21:20 Scale Mail Armor
22:42 Gold Mining
23:06 Bow Saw
25:19 Wheelbarrow
25:46 Town Watch
26:23 Horse Collar
28:31 Hand Cart
33:00 Chain Mail Armor
33:21 Iron Casting
34:15 Heavy Plow
34:52 Iron Casting
34:42 Fletching
35:19 Town Patrol
39:49 Imperial Age
40:09 Caravan
41:46 Chemistry
41:06 Ballistics
40:52 Siege Engineers
41:21 Plate Mail Armor
40:57 Bodkin Arrow
40:28 Elite Hearth Troop
41:29 Conscription
Connection lost

Rejoining the realm…

Still unreachable

The connection could not be restored.

Session expired

The server has moved on; the page needs a fresh start.